 Dungeon Crawl Stone Soup version 0.16-a0-331-g39fd2ee (webtiles) character file.

695 PolkaDot the Summoner (level 7, -1/46 HPs)
             Began as a Vampire Summoner on Sept 7, 2014.
             Was a Follower of Sif Muna.
             Slain by a necrophage (5 damage)
             ... on Level 6 of the Dungeon.
             The game lasted 00:17:23 (5803 turns).

PolkaDot the Summoner (Vampire Summoner)            Turns: 5803, Time: 00:17:24

HP  -1/46        AC  3     Str  7      XL: 7   Next: 37%
MP   8/12        EV 12     Int 21      God: Sif Muna [*.....]
Gold 250         SH  0     Dex 14      Spells:  4 memorised,  0 levels left

rFire  + . .     SeeInvis +     q - +7 club
rCold  . . .     Clarity  .     a - +0 robe
rNeg   . . .     rCorr    .     (no shield)
rPois  .         rRot     .     (no helmet)
rElec  .         Spirit   .     (no cloak)
SustAb .         Warding  .     B - +0 pair of gloves
rMut   .         Stasis   .     (no boots)
Gourm  .                        (no amulet)
MR     .....                    d - +2 ring of intelligence
                                m - ring of protection from fire

@: regenerating quickly, not resistant to hostile enchantments, unstealthy
A: bottle blood, fangs 3, see invisible, unbreathing
a: Bottle Blood, Channel Energy, Renounce Religion


You were on level 6 of the Dungeon.
You worshipped Sif Muna.
Sif Muna was aware of your devotion.
You were very full.

You visited 2 branches of the dungeon, and saw 7 of its levels.

You collected 250 gold pieces.

Inventory:

Hand weapons
 q - a +7 club (weapon)
Armour
 a - a +0 robe (worn)
 B - a +0 pair of gloves (worn)
Magical devices
 g - a wand of flame (7)
Scrolls
 e - a scroll of enchant armour {unknown}
 f - 4 scrolls of remove curse {unknown}
 h - a scroll of blinking {unknown}
 i - 4 scrolls of identify {unknown}
 l - a scroll of noise {unknown}
 p - a scroll of magic mapping
 s - a scroll of amnesia {unknown}
 u - a scroll of immolation {unknown}
 v - a scroll of fear {unknown}
 w - a scroll of enchant weapon {unknown}
 x - 2 scrolls of teleportation {unknown}
Jewellery
 d - a +2 ring of intelligence (right hand)
 m - a ring of protection from fire (left hand)
 y - a cursed ring of fire {unknown}
Potions
 c - 2 potions of invisibility {unknown}
 j - a potion of agility {unknown}
 k - a potion of heal wounds {unknown}
 n - a potion of resistance {unknown}
 o - 2 potions of might {unknown}
 r - 3 potions of confusion {unknown}
 t - a potion of cancellation {unknown}
 z - a potion of poison {unknown}
 A - a potion of restore abilities {unknown}
Books
 b - a book of Callings

   Spells                             Type                      Level
   *Summon Small Mammal               Summoning                    1
   *Call Imp                          Summoning                    2
   *Call Canine Familiar              Summoning                    3
   *Summon Guardian Golem             Hexes/Summoning              4
   Summon Lightning Spire             Summoning/Air                4
   Summon Ice Beast                   Ice/Summoning                4


   Skills:
 - Level 2.1 Dodging
 - Level 3.0 Stealth
 - Level 2.0 Spellcasting
 * Level 3.1 Hexes
 + Level 8.8 Summonings


You couldn't memorise any spells.
You knew the following spells:

 Your Spells              Type           Power        Failure   Level  Hunger
a - Summon Small Mammal   Summ           ####         1%          1    #......
d - Call Canine Familiar  Summ           #####...     1%          3    ###....
g - Summon Guardian Gole  Hex/Summ       ####....     17%         4    #####..
s - Call Imp              Summ           #####...     1%          2    ##.....


Dungeon Overview and Level Annotations

Branches:
Dungeon (6/15)             Temple (1/1) D:5

Altars:
Ashenzari
Cheibriados
Dithmenos
Elyvilon
Fedhas
Gozag
Makhleb
Nemelex Xobeh
Okawaru
Qazlal
Sif Muna
Trog
Vehumet
Yredelemnul
Zin

Shops:
D:4 :


Innate Abilities, Weirdness & Mutations

Your natural rate of healing is unusually fast.
You can bottle blood from corpses.
You have razor-sharp teeth.
You have supernaturally acute eyesight.
You can survive without breathing.


Message History

The necrophage closely misses your wolf.
You completely miss the giant frog.
The giant frog is severely wounded.
Your wolf barely misses the giant frog.
The giant frog hits you but does no damage.
Your wolf completely misses the giant frog.
The necrophage misses your wolf. The giant frog hits you!
* * * LOW HITPOINT WARNING * * *
You hit the giant frog.
The giant frog is severely wounded.
Your wolf bites the giant frog.
The giant frog hits you.
* * * LOW HITPOINT WARNING * * *
Your wolf bites the giant frog!
The giant frog dies!
Your Hexes skill increases to level 3!
Your wolf barely misses the necrophage.
The necrophage eats the giant frog corpse.
Your wolf bites the necrophage!
Your wolf barely misses the necrophage.
The necrophage hits you.
You die...

............#...#...
....................
...........#...#..
...........'...#
...........#...#
...<.#+####%..#
....+...##h###
...#...##n..# .
#.....@..# +........#.
#...##...#.... ##
###'##...#..... +.
+........#...... .#.
#........+...........#.
#........#...........#.
#...##)..#...........#.
#...##'###...........#.


You could see a necrophage and a friendly wolf.

Vanquished Creatures
  A scorpion (D:5)
  2 crimson imps
  2 worker ants (D:4)
  2 hounds
  An iguana (D:5)
  An ogre zombie (D:5)
  2 gnolls (D:5)
  5 adders
  A shadow imp (D:5)
  An adder skeleton (D:5)
  A giant gecko (D:3)
  2 oozes
  8 orcs
  6 bats
  A bat skeleton (D:4)
  6 giant cockroaches
  11 goblins
  8 hobgoblins
  6 jackals (D:3)
  10 kobolds
  2 quokkas
  8 giant newts
  14 rats
  A rat zombie (D:4)
102 creatures vanquished.

Vanquished Creatures (collateral kills)
  The ghost of Afay the Changer, an average OpTm (D:3)
  An ogre (D:4)
  A giant frog (D:6)
  An orc priest (D:5)
  A worker ant (D:4)
  An orc wizard (D:5)
  Ijyb (D:2)
  3 adders
  2 gnolls (D:5)
  A worm (D:5)
  2 orcs
  A kobold (D:1)
  A giant newt (D:6)
17 creatures vanquished.

Vanquished Creatures (others)
  4 hounds
  A crimson imp (D:3)
  A shadow imp (D:5)
  A rat (D:1)
7 creatures vanquished.

Grand Total: 126 creatures vanquished

Notes
Turn   | Place    | Note
--------------------------------------------------------------
     0 | D:1      | PolkaDot, the Vampire Summoner, began the quest for the Orb.
     0 | D:1      | Reached XP level 1. HP: 13/13 MP: 3/3
   155 | D:1      | Reached XP level 2. HP: 14/19 MP: 4/4
  1096 | D:1      | Learned a level 2 spell: Call Imp
  1232 | D:2      | Reached skill level 5 in Summonings
  1232 | D:2      | Reached XP level 3. HP: 20/24 MP: 6/6
  1283 | D:2      | Found a bloodstained altar of Trog.
  1692 | D:2      | Noticed Ijyb
  1730 | D:2      | Killed Ijyb
  1847 | D:2      | Found a shadowy altar of Dithmenos.
  1859 | D:2      | Reached XP level 4. HP: 25/30 MP: 7/7
  1988 | D:2      | Learned a level 3 spell: Call Canine Familiar
  2146 | D:3      | Noticed Afay's ghost (average OpTm)
  2209 | D:3      | Reached skill level 6 in Summonings
  2221 | D:3      | Killed Afay's ghost
  2221 | D:3      | Reached XP level 5. HP: 10/35 MP: 1/9
  2345 | D:3      | Found a stormy altar of Qazlal.
  2423 | D:3      | Found a snail-covered altar of Cheibriados.
  2871 | D:3      | Reached skill level 7 in Summonings
  3055 | D:4      | Found a sparkling altar of Nemelex Xobeh.
  3090 | D:4      | Found Shruggaucs' Book Shop.
  3106 | D:5      | Entered Level 5 of the Dungeon
  3111 | D:5      | Found a radiant altar of Vehumet.
  3113 | D:5      | Found a glowing silver altar of Zin.
  3114 | D:5      | Found a basalt altar of Yredelemnul.
  3125 | D:5      | Reached XP level 6. HP: 41/41 MP: 7/10
  3146 | D:5      | Found an iron altar of Okawaru.
  3266 | D:5      | Found a staircase to the Ecumenical Temple.
  3276 | Temple   | Entered the Ecumenical Temple
  3523 | Temple   | Became a worshipper of Sif Muna the Loreminder
  3641 | D:5      | Reached skill level 8 in Summonings
  4212 | D:4      | Noticed an ogre
  4219 | D:4      | Killed an ogre
  4297 | D:4      | Reached XP level 7. HP: 25/46 MP: 12/12
  4326 | D:4      | Learned a level 4 spell: Summon Guardian Golem
  5114 | D:5      | Reached skill level 1 in Hexes
  5296 | D:5      | Acquired Sif Muna's first power
  5803 | D:6      | Slain by a necrophage

Action                   |  1- 3 |  4- 6 |  7- 9 || total
-------------------------+-------+-------+-------++-------
Melee: Whip              |   129 |       |       ||   129
       Unarmed           |     2 |       |       ||     2
       Club              |     8 |   144 |    58 ||   210
 Cast: Summon Small Mamm |     4 |       |       ||     4
       Call Imp          |     3 |     7 |     1 ||    11
       Call Canine Famil |       |     9 |     4 ||    13
       Summon Guardian G |       |       |     1 ||     1
  Use: Potion            |     3 |       |       ||     3
       Scroll            |       |     2 |       ||     2
 Stab: Sleeping          |     5 |     9 |     2 ||    16
       Confused          |       |     2 |       ||     2
       Distracted        |       |       |     1 ||     1
  Eat: Corpse            |    10 |    21 |     8 ||    39
